 Dungeon Crawl Stone Soup version 0.30.1-9-gdf580d7c3d (webtiles) character file.

Game seed: 3485751328774545187

150645 monsoonserge the Spry (level 16, -4/98 HPs)
             Began as a Spriggan Hunter on Oct 13, 2023.
             Was the Champion of Okawaru.
             Slain by a meliai
             ... wielding a +0 hand axe
              (23 damage)
             ... on level 5 of the Lair of Beasts on Oct 14, 2023.
             The game lasted 02:05:09 (33847 turns).

monsoonserge the Spry (Spriggan Hunter)            Turns: 33847, Time: 02:05:09

Health: -4/98      AC:  4    Str:  7    XL:     16   Next: 69%
Magic:  17/24      EV: 55    Int: 11    God:    Okawaru [******]
Gold:   2126       SH:  5    Dex: 32    Spells: 15/15 levels left

rFire   . . .        U - +2 arbalest (flame)
rCold   . . .        (shield currently unavailable)
rNeg    . . .        n - +2 robe {Will+}
rPois   +            (helmet restricted)
rElec   .            P - scarf {repulsion}
rCorr   .            (gloves unavailable)
SInv    +            (boots unavailable)
Will    +++..        V - amulet of reflection
Stlth   ++++++       J - ring of poison resistance
HPRegen 0.36/turn    v - +6 ring of dexterity
MPRegen 0.19/turn

%: repel missiles, reflection
@: lethally poisoned (-4 -> -9), heroic, finesse-ful, very quick
A: very small, no large weapons, unfitting armour, see invisible, speed 3
}: 1/15 runes: barnacled
a: Renounce Religion, Heroism, Finesse, Duel


You were on level 5 of the Lair of Beasts.
You worshipped Okawaru.
Okawaru was exalted by your worship.
You visited 6 branches of the dungeon, and saw 26 of its levels.
You also visited: Bailey.

You collected 2681 gold pieces.
You spent 555 gold pieces at shops.

Inventory:

Hand Weapons
 m - a +4 sling
 T - a +3 heavy arbalest
 U - a +2 arbalest of flaming (weapon)
Missiles
 f - 7 datura-tipped darts
 r - 39 poisoned darts
 E - 7 throwing nets
 K - 2 silver boomerangs
Armour
 l - a +2 robe of positive energy
 n - a +2 robe of willpower (worn)
 P - a scarf of repulsion (worn)
 Y - the quicksilver dragon scales of Good Intentions {Rampage +Inv Will+}
   (Okawaru gifted it to you on level 5 of the Lair of Beasts)

   +Inv:      It lets you turn invisible.
   Rampage:   It bestows one free step when moving towards enemies.
   Will:      It increases your willpower.
Jewellery
 k - a ring of flight
 v - a +6 ring of dexterity (right hand)
 x - a ring of protection from cold
 G - a +4 ring of protection
 J - a ring of poison resistance (left hand)
 M - a ring of resist corrosion
 V - an amulet of reflection (around neck)
Wands
 C - a wand of iceblast (23)
 F - a wand of light (20)
 R - a wand of polymorph (8)
 W - a wand of digging (10)
Scrolls
 a - a scroll of blinking
 b - 10 scrolls of immolation
 c - 5 scrolls of enchant weapon
 e - 5 scrolls of vulnerability
 g - 4 scrolls of enchant armour
 i - 2 scrolls of amnesia
 j - 3 scrolls of magic mapping
 o - 5 scrolls of fear
 p - 3 scrolls of silence
 q - 5 scrolls of teleportation
 t - a scroll of fog
 A - 5 scrolls of poison
 H - 4 scrolls of summoning {unknown}
 Q - 3 scrolls of torment
 X - a scroll of brand weapon
Potions
 d - 4 potions of cancellation
 h - 4 potions of curing
 s - a potion of resistance
 u - 5 potions of mutation
 w - 3 potions of lignification
 z - 8 potions of brilliance
 B - a potion of invisibility
 D - 4 potions of might
 I - 2 potions of haste
 L - 3 potions of heal wounds
 N - 3 potions of ambrosia {unknown}
 S - 3 potions of flight {unknown}
 Z - a potion of berserk rage {unknown}
Miscellaneous
 y - a tin of tremorstones (2/2)
 O - a lightning rod (4/4)


   Skills:
 + Level 17.0(22.0) Fighting
 + Level 18.0(23.0) Ranged Weapons
 - Level 1.0(6.0) Armour
 + Level 19.9(24.9) Dodging
 + Level 8.6(13.6) Stealth
 + Level 10.1 Invocations
 + Level 9.6 Evocations


You had 15 spell levels left.
You didn't know any spells.
Your spell library contained the following spells:

 Spells                   Type           Power      Damage    Failure   Level
 Freeze                   Ice            0%         1d3       34%         1
 Magic Dart               Conj           0%         1d3       34%         1
 Slow                     Hex            0%         N/A       34%         1
 Sting                    Tmut/Pois      0%         1d3       34%         1
 Cigotuvi's Dreadful Rot  Necr/Pois/Air  0%         N/A       47%         2
 Ensorcelled Hibernation  Hex/Ice        0%         N/A       47%         2
 Poisonous Vapours        Pois/Air       0%         N/A       47%         2
 Scorch                   Fire           0%         2d5       47%         2
 Confusing Touch          Hex            0%         N/A       71%         3
 Dazzling Flash           Conj/Hex       0%         N/A       71%         3
 Frozen Ramparts          Ice            0%         1d1       71%         3
 Hailstorm                Conj/Ice       0%         3d3       71%         3
 Ignite Poison            Fire/Tmut/Pois 0%         N/A       71%         3
 Inner Flame              Hex/Fire       0%         N/A       71%         3
 Mephitic Cloud           Conj/Pois/Air  0%         N/A       71%         3
 Ozocubu's Armour         Ice            0%         N/A       71%         3
 Portal Projectile        Hex/Tloc       0%         N/A       71%         3
 Spider Form              Tmut/Pois      0%         N/A       71%         3
 Vampiric Draining        Necr           0%         2d6       71%         3
 Vhi's Electric Charge    Tloc/Air       0%         N/A       71%         3
 Anguish                  Hex/Necr       0%         N/A       98%         4
 Flame Wave               Conj/Fire      0%         2d4       98%         4
 Leda's Liquefaction      Hex/Erth       0%         N/A       98%         4
 Olgreb's Toxic Radiance  Pois           0%         N/A       98%         4
 Passage of Golubria      Tloc           0%         N/A       98%         4
 Agony                    Necr           0%         N/A       100%        5
 Arcjolt                  Conj/Air       0%         1d10      100%        5
 Fireball                 Conj/Fire      0%         3d3       100%        5
 Freezing Cloud           Conj/Ice/Air   0%         6-21      100%        5
 Iskenderun's Battlesphe  Conj           0%         2d6       100%        5
 Metabolic Englaciation   Hex/Ice        0%         N/A       100%        5
 Silence                  Hex/Air        0%         N/A       100%        5
 Yara's Violent Unravell  Hex/Tmut       0%         3d3       100%        5
 Conjure Ball Lightning   Conj/Air       0%         3x3d6     100%        6
 Eringya's Noxious Bog    Tmut/Pois      0%         N/A       100%        6
 Enfeeble                 Hex            0%         N/A       100%        7
 Orb of Destruction       Conj           0%         9d5       100%        7
 Ozocubu's Refrigeration  Ice            0%         4d7       100%        7
 Lehudib's Crystal Spear  Conj/Erth      0%         10d2      100%        8
 Maxwell's Capacitive Co  Air            0%         ∞         100%        8
 Call Imp                 Summ           Unusable   N/A       N/A         2
 Call Canine Familiar     Summ           Unusable   N/A       N/A         3
 Summon Ice Beast         Ice/Summ       Unusable   N/A       N/A         4
 Summon Forest            Summ/Tloc      Unusable   N/A       N/A         5
 Summon Mana Viper        Hex/Summ       Unusable   N/A       N/A         5
 Summon Cactus Giant      Summ           Unusable   N/A       N/A         6
 Monstrous Menagerie      Summ           Unusable   N/A       N/A         7
 Summon Hydra             Summ           Unusable   N/A       N/A         7

Dungeon Overview and Level Annotations

Branches:
Dungeon (13/15)            Temple (1/1) D:7            Lair (5/5) D:9
 Shoals (4/4) Lair:2        Snake (1/4) Lair:2        Slime (0/5) Lair:5
    Orc (2/2) D:12            Elf (0/3) Orc:2        Bailey (visited)
 Vaults: D:13-14

Altars:
Ashenzari
Cheibriados
Dithmenos
Elyvilon
Fedhas
Gozag
Hepliaklqana
Kikubaaqudgha
Makhleb
Nemelex Xobeh
Okawaru
Qazlal
Ru
Sif Muna
Trog
Uskayaw
Vehumet
Wu Jian
Xom
Yredelemnul
Zin
The Shining One

Shops:
D:1 *   D:3 :   Orc:2 **[:[*   Snake:1 *

Portals:
Pandemonium: Orc:2
Trove: D:11 (give 3 potions of resistance)

Annotations:
Lair:5 1 transporter, Reyrch's ghost, journeyman SpRe


Innate Abilities, Weirdness & Mutations

You are very small and have problems with some larger weapons.
You are too small for most types of armour.
You have supernaturally acute eyesight. (SInv)
You cover ground extremely quickly. (Speed+++)


Message History

The meliai misses you. You block the killer bee's attack.
The meliai misses you. You block the meliai's attack.
The meliai hits you with a +0 hand axe! You block the meliai's attack.
The killer bee stings you.
Fire: U) +2 arbalest (flame)
Press: ? - help, Q - select action, (/) - cycle Shift-Dir - straight line, f/p - Reyrch's ghost
Aim: Reyrch's ghost, wielding a weapon of flaming (57% to hit)
You shoot a bolt. The bolt hits the killer bee!!!
The bolt burns the killer bee!
You kill the killer bee!
Okawaru accepts your kill.
The meliai completely misses you. x2; You block the meliai's attack.
The meliai misses you. The meliai completely misses you. x2
Reyrch's ghost waves its arms in wide circles.
The air twists around and strikes you.
You hear an angry buzzing noise.
You gain the combat prowess of a mighty hero.
You hear an angry buzzing noise.
The meliai completely misses you. x2; The killer bee misses you.
The meliai completely misses you. The meliai misses you.
The meliai completely misses you. The meliai misses you.
You block the killer bee's attack.
Okay, then.
Okay, then.
You can now deal lightning-fast blows.
The meliai completely misses you. x2; The killer bee completely misses you.
The meliai completely misses you. You block the meliai's attack.
The killer bee stings you.
You are poisoned.
The killer bee poisons you! The meliai completely misses you. x2
Reyrch's ghost waves its arms in wide circles.
The air twists around and strikes you!
* * * LOW HITPOINT WARNING * * *
Fire: U) +2 arbalest (flame)
Press: ? - help, Q - select action, (/) - cycle Shift-Dir - straight line, f - meliai, p - Reyrch's ghost
Aim: a meliai, wielding a +0 hand axe and wearing a +0 leather armour (heavily wounded, berserk, 72% to hit)
You shoot a bolt. The bolt closely misses the meliai.
You feel sick.
The meliai hits you with a +0 hand axe!!
You die...

##....#.................#
##.........©............#
.#...#############......#
.#..#####$yy[!# ###.....#
#..###y.y#..$#...###....##
...##y.#..###..#..##.....##
...###...#...#.#.###......#
....#####y.#.y#####......##
.#.###...#.yy#.#@###....##
...##..#.y###..#yy##.~~.##
...###...#y..#..W###.P~..#
....#####..yyy#####..~~.##
.....#############...~~..##
...........©.......~~~~.#.#
..................~~~~~..##
........................##
[.........##...#.#.......#


You could see a meliai (berserk), a killer bee and Reyrch's ghost.

Vanquished Creatures
  An azure jelly (Lair:5)
  5 merfolk javelineers (Shoals:4)
  Josephine (Lair:5)
  A hydra (Lair:5)
  5 merfolk impalers
  2 demonspawn (Orc:2)
  2 anacondas (Snake:1)
  5 alligator snapping turtles
  5 merfolk avatars
  2 two-headed ogres
  2 boulder beetles
  5 merfolk aquamancers
  A catoblepas (Lair:5)
  A satyr (Shoals:3)
  The ghost of soul19 the Fighter, a novice DsFi of Qazlal (D:9)
  6 death yaks (Lair:5)
  7 orc high priests (Orc:2)
  A deep troll shaman (Lair:5)
  A naga warrior (Snake:1)
  2 shock serpents
  Nergalle (Lair:3)
  6 skysharks
  6 sun demons
  A fire crab (Lair:5)
  11 sea snakes
  A naga ritualist (Snake:1)
  2 sun moths (Shoals:2)
  11 harpies
  A lindwurm (Lair:3)
  4 orc sorcerers (Orc:2)
  4 orc knights (Orc:2)
  2 mana vipers
  2 deep elf pyromancers
  13 fauns
  16 merfolk sirens
  A salamander (Snake:1)
  2 cyclopes
  12 manticores
  15 black mambas
  5 elephants (Lair:5)
  A rust devil (Orc:2)
  A naga mage (Snake:1)
  7 water nymphs
  An eye of devastation (Lair:3)
  4 gargoyles
  Maggie (D:7)
  13 cane toads
  A torpor snail (Lair:5)
  An orange demon (Orc:2)
  5 rime drakes
  2 unseen horrors
  4 komodo dragons
  An efreet (D:13)
  A kobold demonologist (D:12)
  A red devil (Orc:2)
  3 harpy zombies (Shoals:2)
  3 wind drakes
  A polar bear (Lair:5)
  A queen bee (Lair:5)
  25 merfolk
  2 hornets
  8 trolls
  28 blink frogs
  6 dream sheep (Lair:5)
  9 snapping turtles
  7 slime creatures
  8 water elementals
  A vampire (D:11)
  6 wraiths
  5 wyverns
  43 yaks
  4 basilisks
  Eustachio (D:5)
  10 vampire mosquitoes
  7 nagas
  Edmund (D:4)
  An acid dragon (D:12)
  Menkaure (D:5)
  A warg (Orc:2)
  14 water moccasins
  39 orc warriors
  2 ice beasts
  2 black bears
  2 manticore zombies (Shoals:2)
  7 ogres
  21 wolves
  17 centaurs
  A phantom (D:5)
  A kobold brigand (D:10)
  13 bullfrogs
  A gnoll sergeant (D:9)
  6 scorpions
  15 wights
  7 killer bees
  4 electric eels
  6 jellies
  21 orc priests
  A hound (D:5)
  2 sleepcaps
  2 gnoll boudas
  6 iguanas
  12 orc wizards
  6 gnolls
  4 adders
  A shadow imp (D:7)
  2 white imps (D:7)
  An ufetubus (D:5)
  8 dart slugs
  74 orcs
  5 endoplasms
  6 giant cockroaches
  6 hobgoblins
  16 kobolds
  3 quokkas
  10 ball pythons
  7 bats
  2 frilled lizards
  8 goblins
  4 rats
763 creatures vanquished.

Vanquished Creatures (others)
  A merfolk aquamancer (Shoals:4)
1 creature vanquished.

Grand Total: 764 creatures vanquished

Notes
Turn   | Place    | Note
-------+----------+-------------------------------------------
     0 | D:1      | monsoonserge the Spriggan Hunter began the quest for the
                  | Orb.
     0 | D:1      | Reached XP level 1. HP: 10/10 MP: 2/2
    64 | D:1      | Found Tomusch's General Store.
    84 | D:1      | Reached XP level 2. HP: 14/14 MP: 3/3
   158 | D:1      | Reached skill level 3 in Dodging
   184 | D:1      | Bought a potion of curing for 30 gold pieces
   298 | D:1      | Reached XP level 3. HP: 18/18 MP: 4/4
   966 | D:2      | Reached skill level 5 in Ranged Weapons
  1347 | D:2      | Found a radiant altar of Vehumet.
  1686 | D:3      | Found Detougil's Book Shoppe.
  1986 | D:3      | Reached XP level 4. HP: 23/23 MP: 5/5
  1991 | D:3      | Found a faded altar of an unknown god.
  2402 | D:3      | Found a shimmering altar of Xom.
  2402 | D:3      | Found an ancient bone altar of Kikubaaqudgha.
  2558 | D:3      | Noticed a scorpion
  2569 | D:3      | Killed a scorpion
  2570 | D:3      | Reached XP level 5. HP: 27/27 MP: 6/6
  2707 | D:4      | Noticed an ice beast
  3118 | D:4      | Noticed Edmund
  3346 | D:4      | Killed an ice beast
  3347 | D:4      | Reached XP level 6. HP: 32/32 MP: 7/7
  3525 | D:4      | Killed Edmund
  3709 | D:4      | Reached XP level 7. HP: 36/36 MP: 8/8
  3863 | D:5      | Entered Level 5 of the Dungeon
  3887 | D:5      | Found an ornate altar of the Wu Jian Council.
  3974 | D:5      | Noticed Menkaure
  3981 | D:5      | Noticed Eustachio
  3984 | D:5      | Killed Menkaure
  4496 | D:5      | Killed Eustachio
  4497 | D:5      | Reached skill level 1 in Evocations
  4497 | D:5      | Reached XP level 8. HP: 42/42 MP: 9/9
  5244 | D:6      | Reached skill level 10 in Ranged Weapons
  5244 | D:6      | Reached skill level 4 in Dodging
  5624 | D:6      | Found a radiant altar of Vehumet.
  5624 | D:6      | Found a hazy altar of Hepliaklqana.
  5624 | D:6      | Found a white marble altar of Elyvilon.
  5811 | D:7      | Noticed Maggie
  6212 | D:7      | Reached XP level 9. HP: 46/46 MP: 10/10
  6212 | D:7      | Found a staircase to the Ecumenical Temple.
  6221 | Temple   | Entered the Ecumenical Temple
  6385 | Temple   | Became a worshipper of Warmaster Okawaru
  6520 | D:7      | Reached skill level 5 in Fighting
  6614 | D:7      | Reached skill level 5 in Dodging
  6628 | D:7      | Reached * piety under Okawaru
  6799 | D:8      | Found a blossoming altar of Fedhas.
  7327 | D:8      | Reached ** piety under Okawaru
  7328 | D:8      | Reached skill level 6 in Dodging
  7594 | D:9      | Noticed a troll
  7833 | D:9      | Found a staircase to the Lair.
  7860 | D:9      | Reached XP level 10. HP: 53/53 MP: 11/11
  7922 | D:9      | Reached *** piety under Okawaru
  8117 | D:9      | Reached skill level 1 in Invocations
  8148 | D:9      | Found a runed translucent door.
  8148 | D:9      | Noticed soul19's ghost (novice DsFi)
  8332 | D:9      | Reached skill level 7 in Dodging
  8545 | D:9      | Reached **** piety under Okawaru
  8992 | D:10     | Entered Level 10 of the Dungeon
  9044 | D:10     | Noticed a gargoyle
  9048 | D:10     | Killed a gargoyle
  9054 | D:10     | Reached skill level 1 in Armour
  9223 | D:10     | Found a flagged portal.
  9234 | Bailey   | Entered a bailey
  9251 | Bailey   | Reached XP level 11. HP: 55/58 MP: 12/14
  9361 | Bailey   | Reached ***** piety under Okawaru
  9702 | Bailey   | Identified the +3 ring mail of Instinct {*Corrode Regen+
                  | Str+3 Dex+2}
  9968 | D:7      | Killed Maggie
 10071 | D:10     | Noticed a two-headed ogre
 10150 | D:10     | Found an opulent altar of Gozag.
 10283 | D:10     | You fall into a shaft and drop 2 floors!
 10318 | D:11     | Identified the +10 flail of Tenacity {flame, rElec}
 10550 | D:10     | Received a gift from Okawaru
 10587 | D:10     | Killed a two-headed ogre
 11006 | D:11     | Reached skill level 5 in Stealth
 11087 | D:11     | Found a portal to a secret trove of treasure.
 11093 | D:11     | Noticed a boulder beetle
 11171 | Lair:1   | Entered Level 1 of the Lair of Beasts
 11391 | Lair:1   | Noticed a boulder beetle
 11741 | D:12     | Noticed a two-headed ogre
 11779 | D:12     | Killed a two-headed ogre
 11779 | D:12     | Received a gift from Okawaru
 11780 | D:12     | Reached skill level 10 in Fighting
 11841 | D:12     | Found a shimmering blue altar of Sif Muna.
 11945 | D:12     | Reached XP level 12. HP: 67/67 MP: 16/16
 12239 | D:12     | Noticed a boulder beetle
 12251 | D:12     | Killed a boulder beetle
 12314 | D:12     | Reached skill level 15 in Ranged Weapons
 12314 | D:12     | Reached skill level 8 in Dodging
 12697 | D:11     | Killed a boulder beetle
 12697 | D:11     | Reached ****** piety under Okawaru
 12712 | D:11     | Found a snail-covered altar of Cheibriados.
 12717 | D:11     | Reached skill level 5 in Invocations
 13345 | Lair:1   | You fall into a shaft and drop 1 floor!
 13840 | Lair:1   | Received a gift from Okawaru
 14216 | Lair:2   | Found a staircase to the Snake Pit.
 14441 | Lair:2   | Found a staircase to the Shoals.
 14616 | Lair:2   | Reached XP level 13. HP: 75/75 MP: 18/18
 14996 | Lair:3   | Noticed Nergalle
 15008 | Lair:3   | Killed Nergalle
 15518 | Lair:3   | Noticed Nessos
 15667 | D:9      | Killed soul19's ghost
 15668 | D:9      | Reached skill level 9 in Dodging
 15798 | D:12     | Found a staircase to the Orcish Mines.
 16016 | Orc:1    | Entered Level 1 of the Orcish Mines
 16550 | Orc:2    | Entered Level 2 of the Orcish Mines
 16910 | Orc:2    | Found Gogafi's Overcharged Wands.
 17102 | Orc:2    | Found Eqix's General Store.
 17136 | Orc:2    | Reached skill level 10 in Dodging
 17471 | Orc:2    | Found Deliaczesou's General Store.
 17838 | Orc:2    | Received a gift from Okawaru
 18045 | Orc:2    | Received a gift from Okawaru
 18046 | Orc:2    | Reached skill level 11 in Dodging
 18293 | Orc:2    | Found Riowk's Book Shoppe.
 18293 | Orc:2    | Found a one-way gate leading to the halls of Pandemonium.
 18293 | Orc:2    | Found Deshrelykh's Antique Armour Emporium.
 18336 | Orc:2    | Bought a potion of heal wounds for 75 gold pieces
 18354 | Orc:2    | Found Uxabrala's Armour Shoppe.
 18385 | Orc:2    | Found a staircase to the Elven Halls.
 18729 | Orc:2    | Bought a lightning rod (4/4) for 450 gold pieces
 18808 | Orc:2    | Reached XP level 14. HP: 75/84 MP: 20/20
 19390 | Lair:3   | Nessos changed into Nessos the eye of devastation
 19390 | Lair:3   | Noticed Nessos
 19399 | Lair:3   | Killed Nessos the eye of devastation
 20242 | Lair:3   | Identified the +1 hand crossbow "Guvull" {drain, rF- Str+5
                  | Dex-5 Stlth+} (Okawaru gifted it to you on level 3 of the
                  | Lair of Beasts)
 20242 | Lair:3   | Received a gift from Okawaru
 21528 | Lair:5   | Entered Level 5 of the Lair of Beasts
 21537 | Lair:5   | Reached skill level 5 in Evocations
 21630 | Lair:5   | Noticed Josephine
 21821 | Lair:5   | Identified the quicksilver dragon scales of Good Intentions
                  | {Rampage +Inv Will+} (Okawaru gifted it to you on level 5
                  | of the Lair of Beasts)
 21821 | Lair:5   | Received a gift from Okawaru
 21822 | Lair:5   | Reached skill level 12 in Dodging
 21920 | Lair:5   | Found a transporter.
 21923 | Lair:5   | Found a transporter.
 22009 | Lair:5   | Noticed Reyrch's ghost (journeyman SpRe)
 22071 | Lair:5   | Noticed an azure jelly
 22129 | Lair:5   | Killed an azure jelly
 22344 | Lair:5   | Found a staircase to the Slime Pits.
 23373 | Lair:5   | Reached skill level 13 in Dodging
 23894 | Lair:5   | Reached skill level 15 in Fighting
 24044 | Lair:5   | Received a gift from Okawaru
 24046 | Lair:5   | Killed Josephine
 24051 | Lair:5   | Reached XP level 15. HP: 90/90 MP: 22/22
 24203 | Lair:5   | HP: 1/90 [Reyrch's ghost/the air (25)]
 24506 | Shoals:1 | Entered Level 1 of the Shoals
 24760 | Shoals:1 | Reached skill level 14 in Dodging
 25107 | Shoals:1 | Identified the +4 trident "Zeeh" {flame, rC+}
 25746 | Shoals:1 | Received a gift from Okawaru
 25747 | Shoals:1 | Reached skill level 15 in Dodging
 28747 | Shoals:2 | Received a gift from Okawaru
 28777 | Shoals:2 | Reached skill level 16 in Dodging
 29472 | Shoals:3 | Reached skill level 17 in Dodging
 29896 | Shoals:3 | Reached XP level 16. HP: 63/96 MP: 24/24
 29898 | Shoals:3 | Reached skill level 18 in Dodging
 30285 | Shoals:4 | Entered Level 4 of the Shoals
 30855 | Shoals:4 | Identified the +3 shortbow "Nuff" {antimagic, rF+ Str-2
                  | Int+4 SInv} (Okawaru gifted it to you on level 4 of the
                  | Shoals)
 30855 | Shoals:4 | Received a gift from Okawaru
 30939 | Shoals:4 | Reached skill level 19 in Dodging
 30939 | Shoals:4 | Reached skill level 10 in Invocations
 31864 | Shoals:4 | Got the Reference Book on Snow and Effluvium
 31911 | Shoals:4 | Identified the +8 quarterstaff of the Crypt {spect, Will++}
                  | (Okawaru gifted it to you on level 4 of the Shoals)
 31911 | Shoals:4 | Received a gift from Okawaru
 32029 | Shoals:4 | Got a barnacled rune of Zot
 32090 | Shoals:4 | Identified the +8 ring mail of the Realm of Zot {Int+4
                  | Dex-4}
 32678 | Snake:1  | Entered Level 1 of the Snake Pit
 32725 | Snake:1  | Found Tukhef's CLEARANCE SALE!.
 33847 | Lair:5   | Slain by a meliai

Illustrated notes

Levels and vault maps discovered:
D:1:      nicolae_arrival_memento_mori, layout_basic, serial_shops, shop,
          roderic_filled_cross
D:2:      layout_loops_corners, basic_altar
D:3:      minmay_bubble_buster, layout_loops_ring,
          gammafunk_temple_overflow_pools, serial_glass, glass_columns_b,
          glass_columns_c, minmay_strange_pillars, due_unseen_surprise,
          feat_on_display, minmay_strange_pillars, serial_shops,
          nicolae_shop_advertising_works [nicolae_subvault_shop_adworks],
          hellmonk_ecumenical_altar_blasted
D:4:      nicolae_cairo_tiling_large, layout_basic, uniq_edmund
D:5:      layout_basic, mainiacjoe_overflow_brackets,
          nicolae_figureground_sparkle, uniq_eustachio, uniq_menkaure
D:6:      layout_loops_ring, gammafunk_temple_overflow_claw
D:7:      layout_basic, minmay_temple_entry_butterflies, uniq_maggie
D:8:      layout_loops_ring, fedhas_altar_decomposition, serial_bayou_pond_c,
          minmay_strange_pillars
D:9:      layout_loops_corners, minmay_lair_entry_grove, serial_glass,
          glass_columns_a, glass_columns_c, hellmonk_ghost_happy_afterlife,
          st_stairs_9
D:10:     layout_long_grid, grunt_gozag_statues, enter_bailey_8,
          nicolae_concentric_dashed_squares_wild
D:11:     layout_rooms, enter_trove_1, kennysheep_slug_shrine
D:12:     layout_roguey, orc_0_dummy, nicolae_sif_muna_little_library
D:13:     layout_big_octagon, david_vaults_2
Temple:   nicolae_temple_bog_church
Lair:1:   layout_regular_city, serial_bayou_shore_a
Lair:2:   layout_roguey, elwin_shoals_entry_rooms,
          minmay_snake_entry_guardpost_medium, grunt_megastairs_2
Lair:3:   layout_chaotic_city, minivault_19, small_statue_intersection,
          uniq_nergalle, uniq_nessos
Lair:4:   layout_cave_pods, minivault_25, st_stairs_3
Lair:5:   grunt_lair_end_beastmaster, layout_gridlike, slime_entry_1,
          gammafunk_ghost_hive, nicolae_lair_time_for_slime, uniq_josephine
Shoals:1: layout_shoals
Shoals:2: layout_shoals, nicolae_shoals_undead_eyrie
Shoals:3: layout_shoals, nicolae_shoals_bring_sunscreen
Shoals:4: shoals_end_simple, layout_shoals, nicolae_shoals_water_booths
Snake:1:  layout_onion_interference, nicolae_shop_clearance
Orc:1:    layout_caves
Orc:2:    pf_orc_diabolical, layout_caves, serial_shops, shop, basic_altar,
          nicolae_shop_overcharged_wands

Skill      XL: |  1  2  3  4  5  6  7  8  9 10 11 12 13 14 15 16 |
---------------+-------------------------------------------------+-----
Dodging        | 3 4 6 7 8 11 13 17 19 | 19.9
Fighting       | 2 3 4 6 7 10 12 14 15 16 17 | 17.0
Ranged Weapons | 5 6 7 9 10 11 13 14 16 17 18 | 18.0
Stealth        | 2 3 4 5 7 8 |  8.6
Evocations     | 1 3 7 9 |  9.6
Invocations    | 2 4 5 7 8 9 10 | 10.1
Armour         | 1 |  1.0

Action                     |  1- 3 |  4- 6 |  7- 9 | 10-12 | 13-15 | 16-18 || total
---------------------------+-------+-------+-------+-------+-------+-------++-------
   Fire: Shortbow          |   109 |   128 |   314 |    65 |       |       ||   616
         Arbalest          |       |       |       |   646 |  1212 |   359 ||  2217
 Invoke: Heroism           |       |       |       |     1 |       |     5 ||     6
         Finesse           |       |       |       |       |       |     2 ||     2
  Evoke: Wand              |       |       |       |       |     2 |       ||     2
    Use: Scroll            |       |       |    12 |     5 |     4 |     5 ||    26
         Potion            |       |       |       |     6 |     2 |     2 ||    10
 Armour: Robe              |     6 |     6 |    15 |     2 |    12 |     1 ||    42
         Troll leather arm |       |       |       |     7 |       |       ||     7
         Steam dragon scal |       |       |       |    10 |     9 |       ||    19
  Dodge: Dodged            |    57 |    38 |   112 |   338 |   519 |   294 ||  1358
         Repelled          |       |       |       |       |     1 |     4 ||     5
  Block: Other             |       |       |       |       |    26 |    49 ||    75
         Reflection        |       |       |       |       |     4 |       ||     4
